 Dungeon Crawl Stone Soup version 0.26-a0-259-g1effd001a9 (webtiles) character file.

Game seed: 12719557909294218556

1657488 bmfx the Slayer (level 27, 233/233 HPs)
             Began as a Human Transmuter on July 24, 2020.
             Was a High Priest of Okawaru.
             Escaped with the Orb
             ... and 3 runes on July 25, 2020!
             The game lasted 02:50:04 (74696 turns).

bmfx the Slayer (Human Transmuter)                 Turns: 74696, Time: 02:50:04

Health: 233/233    AC: 56    Str: 28    XL:     27
Magic:  31/34      EV: 30    Int: 17    God:    Okawaru [*****.]
Gold:   7471       SH:  0    Dex: 16    Spells: 25/30 levels left

rFire    + + +     SeeInvis .   w - +8 longbow (freeze)
rCold    + . .     Faith    .   (shield currently unavailable)
rNeg     . . .     Spirit   +   u - +17 plate armour of Syndicalism {rF+++ rC+ Str+7}
rPois    .         Reflect  .   m - +2 helmet {Int+3}
rElec    .         Harm     .   N - +2 cloak {MR+}
rCorr    .                      Y - +2 pair of gloves {archery}
MR       ++++.                  K - +2 pair of boots {Fly}
Stlth    ..........             H - amulet of guardian spirit
HPRegen  0.48/turn              b - ring of protection from magic
MPRegen  0.24/turn              y - +4 ring of evasion

@: heroism, finesse, flying
A: no striking features
0: Orb of Zot
}: 3/15 runes: barnacled, silver, gossamer
a: Heroism, Finesse, Renounce Religion, Stop Flying


You escaped.
You worshipped Okawaru.
Okawaru was extremely pleased with you.
You were very full.

You visited 10 branches of the dungeon, and saw 50 of its levels.
You also visited: Sewer and Ice Cave.

You collected 11027 gold pieces.
You spent 3556 gold pieces at shops.

Dungeon Overview and Level Annotations

Branches:
Dungeon (15/15)            Temple (1/1) D:7            Lair (6/6) D:11
 Shoals (4/4) Lair:3       Spider (4/4) Lair:2          Orc (2/2) D:10
    Elf (3/3) Orc:2        Vaults (5/5) D:13          Crypt (0/3) Vaults:3
 Depths (5/5) D:15            Zot (5/5) Depths:5      Sewer (visited)
  IceCv (visited)
  Slime: Lair:5-6

Altars:
Ashenzari
Cheibriados
Dithmenos
Elyvilon
Gozag
Kikubaaqudgha
Makhleb
Nemelex Xobeh
Okawaru
Qazlal
Ru
Sif Muna
Trog
Uskayaw
Vehumet
Wu Jian
Xom
Yredelemnul
Beogh

Shops:
D:6 !   D:7 !   D:10 *(?   D:12 (   Orc:2 (([(   Elf:2 ?   Elf:3 =   Shoals:3 *
Shoals:4 (((=?   Vaults:1 (   Vaults:3 [   Depths:1 (([*

Portals:
Hell: Depths:1 Depths:2 Depths:3 Depths:4 Depths:5
Abyss: Depths:1 Depths:2 Depths:4
Pandemonium: Depths:3 Depths:4
Ziggurat: Depths:1

Annotations:
D:4 2 transporters, catzilla's ghost, amateur DsMo
Lair:5 exclusion: 2 oklob plants
Shoals:3 1 runed translucent door, Imazafih's ghost, adept GrEE


   Skills:
 + Level 22.8(27) Fighting
   Level 6.0(11.0) Short Blades
 - Level 22.0(27) Bows
 - Level 22.0(27) Armour
 - Level 22.0(27) Dodging
 - Level 3.5(8.5) Unarmed Combat
 - Level 2.0 Spellcasting
 - Level 4.0 Transmutations
 - Level 15.0 Invocations
 - Level 15.0 Evocations


You had 25 spell levels left.
You knew the following spells:

 Your Spells              Type           Power        Failure   Level
B - Sticks to Snakes      Tmut           ###.....     16%         2
C - Spider Form           Tmut/Pois      #.........   58%         3

Your spell library contained the following spells:

 Spells                   Type           Power        Failure   Level
 Beastly Appendage        Tmut           ###...       11%         1
 Sting                    Tmut/Pois      #...         24%         1
 Animate Skeleton         Necr           #.....       50%         1
 Apportation              Tloc           #.....       50%         1
 Corona                   Hex            #......      50%         1
 Foxfire                  Conj/Fire      #...         50%         1
 Freeze                   Ice            #...         50%         1
 Magic Dart               Conj           #...         50%         1
 Pain                     Necr           #...         50%         1
 Shock                    Conj/Air       #...         50%         1
 Summon Butterflies       Summ           #.......     50%         1
 Summon Small Mammal      Summ           #...         50%         1
 Blink                    Tloc           N/A          63%         2
 Corpse Rot               Necr/Air       N/A          63%         2
 Ensorcelled Hibernation  Hex/Ice        #.....       63%         2
 Poisonous Vapours        Pois/Air       #.....       63%         2
 Searing Ray              Conj           #.....       63%         2
 Shroud of Golubria       Chrm/Tloc      #.....       63%         2
 Sublimation of Blood     Necr           #.........   63%         2
 Swiftness                Chrm/Air       #.......     63%         2
 Ignite Poison            Fire/Tmut/Pois #.......     69%         3
 Call Canine Familiar     Summ           #.......     86%         3
 Confusing Touch          Hex            #.......     86%         3
 Conjure Flame            Conj/Fire      #.......     86%         3
 Dazzling Flash           Conj/Hex       #.....       86%         3
 Frozen Ramparts          Ice            #.....       86%         3
 Gell's Gravitas          Tloc           #.........   86%         3
 Lesser Beckoning         Tloc           #.........   86%         3
 Mephitic Cloud           Conj/Pois/Air  #.......     86%         3
 Ozocubu's Armour         Chrm/Ice       #.......     86%         3
 Portal Projectile        Hex/Tloc       #.....       86%         3
 Recall                   Summ/Tloc      N/A          86%         3
 Static Discharge         Conj/Air       #.......     86%         3
 Teleport Other           Tloc           #.......     86%         3
 Tukima's Dance           Hex            #.......     86%         3
 Vampiric Draining        Necr           #.........   86%         3
 Ice Form                 Ice/Tmut       #.......     94%         4
 Petrify                  Tmut/Erth      #.......     94%         4
 Blade Hands              Tmut           ###.......   96%         5
 Airstrike                Air            #.........   99%         4
 Animate Dead             Necr           #.........   99%         4
 Dispel Undead            Necr           #.......     99%         4
 Fulminant Prism          Conj/Hex       #.........   99%         4
 Hailstorm                Conj/Ice       #.......     99%         4
 Iskenderun's Mystic Bla  Conj/Tloc      #.......     99%         4
 Leda's Liquefaction      Hex/Erth       #.........   99%         4
 Summon Ice Beast         Ice/Summ       #.......     99%         4
 Summon Lightning Spire   Summ/Air       #.......     99%         4
 Agony                    Necr           #.......     100%        5
 Alistair's Intoxication  Tmut/Pois      #.......     100%        5
 Bolt of Magma            Conj/Fire/Erth #.........   100%        5
 Borgnjor's Vile Clutch   Necr/Erth      #.........   100%        5
 Excruciating Wounds      Chrm/Necr      #.........   100%        5
 Fireball                 Conj/Fire      #.........   100%        5
 Irradiate                Conj/Tmut      #.........   100%        5
 Lightning Bolt           Conj/Air       #.........   100%        5
 Metabolic Englaciation   Hex/Ice        #.........   100%        5
 Silence                  Hex/Air        #.........   100%        5
 Summon Mana Viper        Hex/Summ       #.......     100%        5
 Yara's Violent Unravell  Hex/Tmut       #.........   100%        5
 Conjure Ball Lightning   Conj/Air       #.........   100%        6
 Darkness                 Hex            #.........   100%        6
 Death Channel            Necr           #.........   100%        6
 Dispersal                Tloc           #.........   100%        6
 Eringya's Noxious Bog    Tmut/Pois      #.........   100%        6
 Freezing Cloud           Conj/Ice/Air   #.........   100%        6
 Hydra Form               Tmut           ###.......   100%        6
 Invisibility             Hex            #.......     100%        6
 Iron Shot                Conj/Erth      #.........   100%        6
 Shadow Creatures         Summ           N/A          100%        6
 Simulacrum               Ice/Necr       #.........   100%        6
 Starburst                Conj/Fire      #.........   100%        6
 Statue Form              Tmut/Erth      #........    100%        6
 Dragon Form              Tmut           ###.......   100%        7
 Haunt                    Necr/Summ      #.........   100%        7
 Malign Gateway           Summ/Tloc      #.........   100%        7
 Monstrous Menagerie      Summ           #.........   100%        7
 Ring of Flames           Chrm/Fire      #.........   100%        7
 Summon Greater Demon     Summ           #.........   100%        7
 Summon Hydra             Summ           #.........   100%        7
 Borgnjor's Revivificati  Necr           #.........   100%        8
 Controlled Blink         Tloc           N/A          100%        8
 Death's Door             Chrm/Necr      #.........   100%        8
 Disjunction              Tloc           #.........   100%        8
 Ignition                 Fire           #.........   100%        8
 Infestation              Necr           #.........   100%        8
 Necromutation            Tmut/Necr      #.........   100%        8
 Summon Horrible Things   Summ           #.........   100%        8
 Shatter                  Erth           #.........   100%        9
 Tornado                  Air            #.........   100%        9
 Passage of Golubria      Tloc           Unusable     N/A         4

Action                   |  1- 3 |  4- 6 |  7- 9 | 10-12 | 13-15 | 16-18 | 19-21 | 22-24 | 25-27 || total
-------------------------+-------+-------+-------+-------+-------+-------+-------+-------+-------++-------
Melee: Unarmed           |    63 |       |     1 |       |       |       |       |       |       ||    64
       Kick              |    11 |       |       |       |       |       |       |       |       ||    11
       Dagger            |    26 |       |       |       |       |       |       |       |       ||    26
       Short sword       |    12 |   136 |   449 |    86 |       |       |       |       |       ||   683
       Punch             |       |     2 |    11 |     3 |       |       |       |       |       ||    16
       Halberd           |       |       |       |   692 |   807 |    10 |       |       |       ||  1509
       Quarterstaff      |       |       |       |    84 |       |       |       |       |       ||    84
       Longbow           |       |       |       |       |       |     2 |       |     1 |       ||     3
 Fire: Shortbow          |       |       |       |       |   822 |       |       |       |       ||   822
       Longbow           |       |       |       |       |    12 |  1683 |  1208 |  1454 |  2035 ||  6392
Throw: Dart              |       |       |     2 |    10 |       |       |       |       |       ||    12
 Cast: Beastly Appendage |    11 |       |       |       |       |       |       |       |       ||    11
       Sticks to Snakes  |     3 |     6 |     9 |       |       |       |       |       |       ||    18
Invok: Heroism           |       |       |       |    16 |    35 |    28 |    18 |    19 |    28 ||   144
       Finesse           |       |       |       |       |     3 |     9 |    10 |    13 |    21 ||    56
Evoke: Wand              |       |       |       |     7 |     2 |     1 |       |     1 |    21 ||    32
       Phantom mirror    |       |       |       |       |     1 |     1 |       |       |     3 ||     5
       Lightning rod     |       |       |       |       |     4 |     8 |       |     3 |     7 ||    22
       Tin of tremorston |       |       |       |       |       |       |     9 |     6 |     9 ||    24
  Use: Scroll            |       |     4 |    13 |     9 |     6 |     7 |     4 |    10 |    17 ||    70
       Potion            |       |     1 |     3 |       |     2 |     5 |     2 |     3 |     7 ||    23
 Stab: Sleeping          |     1 |     1 |       |       |       |       |       |       |       ||     2
  Eat: Ration            |     1 |     3 |     4 |     8 |    11 |    10 |     8 |     8 |    13 ||    66
Armor: Robe              |    26 |    16 |     9 |       |       |       |       |       |       ||    51
       Plate armour      |       |       |   248 |   947 |  1183 |   729 |   265 |   295 |   313 ||  3980
       Skin              |       |       |     1 |       |       |       |       |       |       ||     1
Dodge: Dodged            |    75 |    71 |   151 |   500 |   735 |   496 |   240 |   347 |   541 ||  3156

Skill      XL: |  1  2  3  4  5  6  7  8  9 10 11 12 13 14 15 16 17 18 19 20 21 22 23 24 25 26 27 |
---------------+----------------------------------------------------------------------------------+-----
Transmutations | 3 4 |  4.0
Short Blades   | 1 2 3 4 5 6 |  6.0
Fighting       | 3 4 5 8 10 11 13 15 16 17 19 20 22 | 22.8
Dodging        | 4 10 15 16 19 22 | 22.0
Armour         | 5 8 9 11 12 13 15 17 19 20 22 | 22.0
Invocations    | 5 6 8 10 15 | 15.0
Bows           | 5 9 13 16 18 20 22 | 22.0
Evocations     | 2 7 8 10 15 | 15.0
Unarmed Combat | |  3.5
Spellcasting   | |  2.0

Inventory:

Hand Weapons
 w - a +8 longbow of freezing (weapon)
Missiles
 f - 1150 arrows (quivered)
 I - 15 curare-tipped darts {god gift, !f}
 X - 10 throwing nets {!f}
Armour
 m - a +2 helmet of intelligence (worn)
 u - the +17 plate armour of Syndicalism (worn) {rF+++ rC+ Str+7}
   (You found it on level 5 of the Dungeon)

   It affects your strength (+7).
   It renders you almost immune to fire.
   It protects you from cold.
 K - a +2 pair of boots of flying (worn)
 N - a +2 cloak of magic resistance (worn)
 W - a scarf of harm {god gift}
 Y - a +2 pair of gloves of archery (worn)
Jewellery
 b - a ring of protection from magic (left hand)
 j - an uncursed ring of protection from magic
 y - a +4 ring of evasion (right hand)
 B - the ring "Dalucw" {Wiz SInv}
   (You bought it in a shop on level 4 of the Shoals)

   [ring of wizardry]

   It improves your spell success rate.
   It lets you see invisible.
 C - the ring of Icebburie {rPois rF+ Stlth+}
   (You took it off a deep elf high priest on level 5 of the Vaults)

   [ring of stealth]

   It protects you from fire.
   It protects you from poison.
   It makes you more stealthy.
 H - an amulet of guardian spirit (around neck)
 J - an uncursed ring of resist corrosion
 R - an uncursed ring of positive energy
Wands
 a - a wand of clouds (10)
 G - a wand of iceblast (62)
 L - a wand of polymorph (54)
 O - a wand of acid (42)
 P - a wand of digging (23)
 T - a wand of enslavement (26)
 V - a wand of paralysis (16)
Scrolls
 h - 2 scrolls of silence
 i - 4 scrolls of magic mapping
 k - 34 scrolls of teleportation {@r1}
 q - 2 scrolls of fog
 r - 25 scrolls of remove curse {@r4}
 A - 2 scrolls of holy word
 D - 22 scrolls of identify {@r3}
 M - 6 scrolls of fear
Potions
 c - 3 potions of stabbing
 e - 15 potions of curing {@q2}
 g - 3 potions of resistance
 l - 8 potions of magic
 n - 11 potions of flight
 o - 6 potions of heal wounds {@q1}
 p - 8 potions of brilliance
 t - 2 potions of cancellation
 z - 7 potions of might
 F - 9 potions of ambrosia
 S - 4 potions of haste {@q4}
 U - a potion of berserk rage
Miscellaneous
 s - a tin of tremorstones (3/3)
 v - a phial of floods
 x - 5 phantom mirrors
 E - a lightning rod (4/4)
 Z - a box of beasts
Comestibles
 d - 138 rations

.# #.#.# #.# .#
#.#.# #.# .# #.#.#
#.# .# #.#.# #.#
.############ ###
...()..##...##
(.####)...#..######
#.#..#(####..#....#
..'..#.'..#..'..@.#
..##'#.#..#..#....#
..#..#.####..######
#.#..#.......#
##############


There were no monsters in sight!

Vanquished Creatures
  4 orbs of fire (Zot:5)
  3 pandemonium lords
  An ancient lich (Zot:5)
  Sojobo (Depths:4)
  Boris (Depths:5)
  Margery (Depths:5)
  Saint Roka (Orc:2)
  A curse toe (Zot:5)
  9 Killer Klowns
  The ghost of Lars the Slayer, a veteran GrBe of Trog (Elf:3)
  Nikola (Depths:1)
  8 golden dragons
  A caustic shrike (Depths:3)
  the Enchantress (Depths:4)
  2 electric golems (Zot:5)
  A Tzitzimitl (Zot:2)
  19 tentacled monstrosities
  Rupert (Lair:5)
  An Ice Fiend (IceCv)
  A Hell Sentinel (D:11)
  5 liches
  26 Orb Guardians
  Asterion (Spider:4)
  8 titans
  6 quicksilver dragons
  2 deep elf master archers (Elf:3)
  3 deep elf blademasters
  Polyphemus (Shoals:4)
  An Executioner (Depths:3)
  3 krakens
  Frances (Shoals:1)
  5 tengu reavers
  4 death cobs
  Donald (Orc:2)
  6 sphinxes
  Kirke (D:14)
  Roxanne (Shoals:4)
  11 shadow dragons
  9 storm dragons
  5 draconian monks
  A daeva (D:1)
  2 draconian scorchers
  12 frost giants
  11 fire giants
  23 vault wardens
  3 ghost moths
  3 emperor scorpions (Spider:4)
  5 iron dragons
  A draconian knight (Zot:4)
  7 deep elf sorcerers
  A cacodemon (Depths:5)
  Louise (Elf:1)
  An orc warlord (Orc:2)
  A draconian shifter (Zot:2)
  An angel (D:1)
  A ghoul (Vaults:3)
  6 deep elf elementalists
  13 ironheart preservers
  2 draconian annihilators (Zot:2)
  A war gargoyle (Vaults:5)
  3 spriggan defenders
  3 reapers
  3 vampire knights
  A caustic shrike skeleton (Depths:3)
  8 entropy weavers
  A green draconian (Zot:4)
  9 red draconians
  17 very ugly things
  6 dire elephants (Lair:6)
  A lorocyproca (D:11)
  28 stone giants
  4 purple draconians
  10 deep elf demonologists
  3 yellow draconians
  4 deep elf annihilators
  2 black draconians (Zot:1)
  3 spark wasps
  7 white draconians
  A minotaur (Shoals:2)
  2 merfolk javelineers
  12 ettins
  12 crystal guardians
  9 merfolk impalers
  5 deep elf death magi
  13 yaktaur captains
  20 fire dragons
  9 deep elf high priests
  27 vault guards
  Josephine (Orc:2)
  13 ice dragons
  7 great orbs of eyes
  A hydra (shapeshifter) (Vaults:5)
  2 rakshasas (Depths:2)
  A hell beast (Depths:4)
  An anaconda (Lair:6)
  A catoblepas (Shoals:4)
  8 hydras
  4 spriggan air magi
  5 merfolk avatars
  A death knight (Vaults:3)
  8 centaur warriors
  A queen ant (Spider:2)
  3 merfolk aquamancers
  42 two-headed ogres
  2 alligator snapping turtles (Shoals:4)
  5 tengu warriors
  2 satyrs
  A death yak (Shoals:4)
  8 deep troll shamans
  36 dancing weapons
  3 vampire magi
  13 ogre magi
  8 deep troll earth magi
  5 spriggan berserkers
  A sun demon (Depths:4)
  A small abomination (Elf:3)
  11 hell knights
  A queen ant (shapeshifter) (Depths:3)
  Urug (Orc:1)
  A soul eater (Depths:4)
  Nergalle (D:10)
  30 deep elf knights
  5 iron trolls
  4 skeletal warriors (D:15)
  2 sixfirhies
  A titan skeleton (Depths:4)
  A fire crab (shapeshifter) (Vaults:3)
  11 sea snakes
  7 salamander mystics
  5 shadow wraiths
  7 unseen horrors
  24 deep trolls
  8 wizards
  A death drake (shapeshifter) (Vaults:2)
  A flayed ghost (Depths:5)
  A golden dragon zombie (Depths:4)
  18 ironbrand convokers
  A shadow demon (D:11)
  2 shadow dragon zombies (Depths:4)
  2 glowing orange brains
  12 orc knights
  A golden dragon skeleton (Depths:3)
  An orange crystal statue (Depths:4)
  An obsidian statue (Zot:5)
  25 deep elf archers
  16 necromancers
  2 lindwurms (Lair:4)
  37 harpies
  An orb spider (shapeshifter) (Vaults:2)
  4 orc sorcerers
  A stone giant zombie (Vaults:5)
  A human zombie (Vaults:5)
  A frost giant zombie (Depths:4)
  A mana viper (shapeshifter) (Vaults:5)
  44 wolf spiders
  7 cyclopes
  13 manticores
  73 deep elf magi
  42 ugly things
  17 orb spiders
  A fire giant zombie (Vaults:5)
  22 salamanders
  13 fauns
  A shadow dragon skeleton (Depths:4)
  8 moths of wrath
  4 centaur zombies
  Maurice (Orc:1)
  A fire giant skeleton (Depths:4)
  A guardian serpent (shapeshifter) (Depths:2)
  Joseph (D:8)
  8 black mambas
  8 merfolk sirens
  19 vault sentinels
  An elf zombie (Depths:3)
  12 elephants
  2 torpor snails
  A cane toad (shapeshifter) (Depths:4)
  2 water nymphs
  An ice statue (IceCv)
  A gargoyle (D:10)
  3 orange demons
  6 rime drakes
  16 cane toads
  A spriggan skeleton (Depths:3)
  8 komodo dragons
  16 freezing wraiths
  7 ice devils
  62 yaktaurs
  A yaktaur (shapeshifter) (Vaults:4)
  9 demonic crawlers
  A kobold demonologist (D:15)
  A tormentor (Depths:3)
  5 anaconda simulacra (IceCv)
  A golden dragon simulacrum (IceCv)
  5 hellwings
  38 jumping spiders
  4 tengu conjurers
  26 merfolk
  6 meliai
  7 trolls
  A meliai (shapeshifter) (D:13)
  A queen bee (D:14)
  12 slime creatures
  2 hornets (shapeshifter)
  A shadow dragon simulacrum (Depths:4)
  A sphinx simulacrum (Vaults:5)
  A wind drake (shapeshifter) (Vaults:2)
  21 hornets
  2 polar bears
  A raiju (shapeshifter) (Depths:4)
  4 wind drakes
  8 snapping turtles
  30 blink frogs
  A wolf spider simulacrum (IceCv)
  An ettin zombie (Vaults:5)
  10 hippogriffs
  A dream sheep (shapeshifter) (Depths:2)
  A redback (shapeshifter) (Depths:1)
  78 redbacks
  2 vampires
  7 spriggans
  29 tarantellas
  22 water elementals
  2 air elementals
  7 wyverns
  A spriggan (shapeshifter) (Depths:4)
  6 wraiths
  A dire elephant simulacrum (IceCv)
  Sigmund (D:3)
  5 hogs (D:14)
  A hog (shapeshifter) (Vaults:4)
  2 elf skeletons
  A basilisk (shapeshifter) (Vaults:2)
  2 fire elementals
  36 yaks
  6 basilisks
  A death yak simulacrum (IceCv)
  14 vampire mosquitoes
  4 wargs
  A warg (shapeshifter) (Vaults:5)
  2 humans (shapeshifter)
  7 harpy simulacra (IceCv)
  An iron troll simulacrum (IceCv)
  25 soldier ants
  2 acid dragons
  Edmund (D:4)
  Menkaure (D:4)
  13 water moccasins
  2 hydra simulacra (IceCv)
  2 soldier ants (shapeshifter)
  5 porcupines
  A swamp drake (D:13)
  2 black bears
  5 ice beasts
  8 sky beasts
  55 orc warriors
  4 ettin simulacra
  16 boggarts
  9 wolves
  2 necrophages
  40 ogres
  5 centaurs
  13 crocodiles
  10 big kobolds
  A glowing shapeshifter simulacrum (Depths:4)
  23 bullfrogs
  8 earth elementals
  A wyvern zombie (D:12)
  A scorpion (shapeshifter) (Vaults:5)
  A wyvern skeleton (D:9)
  3 scorpions
  27 wights
  32 killer bees
  3 electric eels
  4 howler monkeys
  2 bullfrog zombies
  A quasit (D:14)
  9 hounds
  A hound (shapeshifter) (Vaults:5)
  5 centaur skeletons
  3 jellies
  25 orc priests
  Ijyb (D:4)
  A gnoll shaman (D:4)
  A bullfrog skeleton (D:13)
  Natasha (twice) (D:3)
  6 iguanas
  40 orc wizards
  4 troll simulacra (IceCv)
  29 worker ants
  Terence (D:3)
  A spriggan simulacrum (IceCv)
  5 centaur simulacra (IceCv)
  A hound skeleton (D:7)
  A worker ant zombie (D:3)
  12 adders
  15 gnolls
  A naga simulacrum (IceCv)
  An ogre simulacrum (IceCv)
  2 river rats (D:13)
  A shadow imp (D:7)
  13 white imps
  10 ufetubi
  An ooze (D:4)
  An adder zombie (D:9)
  An adder skeleton (D:4)
  3 worms (D:3)
  4 dart slugs
  8 leopard geckos
  152 orcs
  A ball python (D:8)
  11 bats
  5 giant cockroaches
  4 goblins
  8 hobgoblins
  10 jackals
  32 kobolds
  3 quokkas
  3 frilled lizards
  A giant cockroach zombie (D:5)
  A leopard gecko skeleton (D:6)
  5 rats
  A fire vortex (Depths:5)
  7 plants (Lair:6)
  3 tentacles
2561 creatures vanquished.

Vanquished Creatures (collateral kills)
  A merfolk (Shoals:4)
  2 ogres (D:5)
  A gnoll (D:5)
  A jackal (D:2)
  A kobold (D:1)
6 creatures vanquished.

Vanquished Creatures (others)
  A hydra (Lair:5)
  A death yak (Shoals:4)
  A blink frog (shapeshifter) (Depths:1)
  A bullfrog (D:13)
  A small abomination (Depths:3)
  An electric eel (Lair:4)
  An orc wizard (Elf:1)
  3 orcs
  10 fungi
  9 plants
  8 tentacles
  7 toadstools (Lair:4)
44 creatures vanquished.

Grand Total: 2611 creatures vanquished

Levels and vault maps discovered:
D:1:      dpeg_arrival_erosion, layout_loops_ring, minmay_misc_feat_roman,
          chequers_serial_rivers_micro_e
D:2:      layout_basic, nicolae_overflow_hidden_temple
D:3:      layout_basic, minmay_overflow_temple_star_quad, portal_sewer_entry_f,
          uniq_natasha, uniq_sigmund, uniq_terence
D:4:      layout_basic, gammafunk_ghost_abyssal_escape, nzn_random_ring,
          uniq_ijyb, uniq_edmund, uniq_menkaure
D:5:      layout_basic, first_ration
D:6:      layout_basic, overflow_temple_1_default, serial_shops, shop,
          elyvilon_altar_5
D:7:      layout_basic, minmay_temple_entry_antechambers, serial_shops,
          shop_statue, guppyfry_early_elven_hall
D:8:      layout_basic, hangedman_ru_absence, uniq_joseph
D:9:      layout_irregular_city, blue_anna_alchemist [blue_anna_fruit_fields,
          blue_anna_fruit_fields], moated_statue, kb_rosetta
D:10:     minmay_gate_of_8, layout_grid_maze, orc_0_dummy,
          gammafunk_ghost_grave, special_room [special_room_orc], serial_shops,
          shop, kennysheep_little_box, nicolae_shop_window_shopping, shop,
          nicolae_shop_crystal, grunt_qazlal_clouds, uniq_nergalle
D:11:     layout_gridville, lair_entry_dummy, minmay_door_square,
          minmay_st_funbox
D:12:     layout_irregular_city, serial_shops, nicolae_shop_overgrown_old_shop
D:13:     layout_roguey, david_vaults_1, basic_altar, kennysheep_path_1,
          statue_in_the_mist_lemuel, pond
D:14:     minmay_stone_box, layout_basic, fountainhead, special_room
          [special_room_bee], uniq_kirke
D:15:     grunt_enter_depths_hoard, layout_gridville,
          chequers_serial_rivers_micro_a, nicolae_dithmenos_shadow_blocks
Temple:   nicolae_temple_x_marks_the_god
Lair:1:   layout_chaotic_city, st_stairs_13, chequers_serial_rivers_micro_d
Lair:2:   layout_long_grid, spider_nest_entry_rubble, minmay_holes
Lair:3:   layout_misc_corridors, shoals_dummy_entry, st_stairs_9,
          minmay_stone_trees_medium, serial_bayou_shore_b, grunt_megastairs_2
Lair:4:   gammafunk_lair_enchanted_lake, layout_long_grid, beast_lair_carwin_6
Lair:5:   layout_loops_ring, minmay_slime_entry_oklob_enclosed,
          lemuel_fruit_tree, uniq_rupert
Lair:6:   due_jungle_book, layout_long_grid, st_stairs_7
Shoals:1: layout_shoals, uniq_frances
Shoals:2: layout_shoals, regret_index_shoals_crete
Shoals:3: layout_shoals, ebering_ghost_xom, minmay_shop_mayhem
Shoals:4: shoals_end_grunt_ice, layout_shoals, serial_shops, shop, shop_statue,
          shop, shop, shop_statue, uniq_roxanne, uniq_polyphemus
Spider:1: layout_spider_delve, einodemon_crawler_minivault
Spider:2: layout_spider_delve, minivault_29
Spider:3: layout_spider_delve
Spider:4: grunt_spider_rune_parallel, uniq_asterion
Orc:1:    layout_diamond_mine, nicolae_orc_lost_temple, uniq_maurice, uniq_urug
Orc:2:    grunt_orc_community_town_hall, layout_caves,
          grunt_orc_community_big_house_2, grunt_orc_community_big_house_1,
          grunt_orc_community_house_1, grunt_orc_community_house_2,
          grunt_orc_community_house_2, grunt_orc_community_house_3,
          grunt_orc_community_house_3, grunt_orc_community_house_2, basic_altar,
          nicolae_orc_pool_cavern, uniq_josephine, uniq_donald, uniq_sonja
Elf:1:    minmay_elf_arrival_summoners, layout_gridlike,
          portal_ice_cave_entry_frozen_things, orc_legates, st_stairs_13,
          minivault_4, uniq_louise
Elf:2:    layout_geoelf_octagon, serial_shops, shop, minivault_25
Elf:3:    elf_hall_gauntlet_wide, layout_gridlike, gammafunk_ghost_grave,
          serial_shops, nicolae_shop_window_shopping
Vaults:1: hangedman_vaults_slither, hangedman_vaults_nodes, v_misc_28,
          vaults_mumra_hexcomb, ontoclasm_vaults_idyll, ontoclasm_vaults_pinch,
          v_misc_10, nicolae_vaults_little_squares_6, vaults_mumra_hex,
          nicolae_vaults_murderbox, vaults_dpeg_ring, layout_vaults_omnigrid,
          serial_shops, shop
Vaults:2: vaults_room_door_ring, grunt_vaults_trifunnel,
          nicolae_vaults_network_star, vaults_standard_mumra_enter_the_diamond,
          v_rooms_4, nicolae_vaults_circle_grid_a, vaults_room_pool,
          ontoclasm_vaults_gallery, nicolae_vaults_yaktaur_gun_rack,
          nicolae_vaults_theta, layout_vaults_ring
Vaults:3: nicolae_vaults_c_with_doors, minmay_crypt_entry_simple_statues,
          ontoclasm_vaults_shuriken, vaults_mumra_minichess_inversion,
          vaults_standard_mumra_x, nicolae_vaults_windows_and_doors_thing,
          nicolae_vaults_network_periphery, nicolae_vaults_sealed_display,
          hangedman_vaults_capsules, nicolae_vaults_hallways_thing,
          vaults_dpeg_diagonal, v_misc_23, vaults_dpeg_encased_lava,
          vaults_room_door_ring, layout_vaults_omnibox, serial_shops,
          shop_statue
Vaults:4: nicolae_vaults_border_crossing, hangedman_vaults_stitches,
          v_alt_pattern_3, nicolae_vaults_quartermaster,
          ontoclasm_vaults_ring_large, ontoclasm_vaults_tryst,
          ontoclasm_vaults_loading_screen, layout_vaults_big_room
Vaults:5: serial_shops
Depths:1: layout_big_octagon, enter_ziggurat_b, abyss_entry_small_statue_room,
          hell_entry, abandoned_shop, evilmike_minifort, serial_bayou_shore_b,
          serial_bayou_shore_b, minmay_shoptagon, uniq_nikola
Depths:2: minmay_imperfect_grid, layout_gridlike, hell_entry, abyss_entry,
          minmay_curled_crystal
Depths:3: minmay_chopped_fan, layout_basic, grunt_pan_entry_spiral, hell_entry,
          serial_bayou_pond_e, minmay_hollow_rounded_squares
Depths:4: minmay_crystal_thing, layout_cave_pools, hangedman_abyss_entry_splay,
          hell_entry, rand_demon_pan_entry_9, grunt_decor_arrowhead
Depths:5: evilmike_zot_entry_basic, layout_cave_pools, nrook_uturn, hell_entry,
          uniq_margery, uniq_enchantress, uniq_boris, uniq_sojobo
Zot:1:    lemuel_halls_of_wrath, layout_gridlike
Zot:2:    ebering_klown_carousel, layout_twisted_circle, grunt_ministairs_13
Zot:3:    layout_basic, hangedman_zot_decor_checkerboard
Zot:4:    grunt_zot_stairs_overgrown, layout_misc_corridors, zot_minivault_8
Zot:5:    layout_gridlike


Message History

You shoot an arrow. The arrow hits the angel!!!
The arrow freezes the angel.
The angel is severely wounded.
Firing (i - inventory. (/) - cycle)
f - 1149 arrows (quivered)
Press: ? - help, Shift-Dir - straight line, f/p - angel
Aim: an angel, wielding a +1 whip of holy wrath and wearing a +0 robe (severely wounded, haloed)
You shoot an arrow. The arrow hits the angel!!
The arrow freezes the angel!
You kill the angel!
Okawaru accepts your kill.
No target in view!
(D) Dungeon (T) Temple (L) Lair (A) Shoals (N) Spider Nest (O) Orcish Mines (E) Elven Halls (V) Vaults (C) Crypt (U) Depths (H) Hell (Z) Zot
Where to? (Enter - D:1 @ (x,y), ? - help)
f - 1150 arrows (gained 2)
Things that are here:
a +1 whip of holy wrath; a +0 robe
There is an open door here.
HP restored.
There is a staircase leading out of the dungeon here.
You have escaped!

Notes
Turn   | Place    | Note
-------+----------+-------------------------------------------
     0 | D:1      | bmfx the Human Transmuter began the quest for the Orb.
     0 | D:1      | Reached XP level 1. HP: 15/15 MP: 3/3
   287 | D:1      | Reached XP level 2. HP: 17/21 MP: 3/5
   574 | D:1      | Reached XP level 3. HP: 16/26 MP: 6/6
   578 | D:1      | Learned a level 2 spell: Sticks to Snakes
  1430 | D:2      | Reached skill level 1 in Short Blades
  1430 | D:2      | Reached XP level 4. HP: 30/32 MP: 4/7
  1673 | D:2      | Learned a level 3 spell: Spider Form
  2387 | D:3      | Noticed Terence
  2395 | D:3      | Killed Terence
  2395 | D:3      | Reached XP level 5. HP: 27/37 MP: 5/8
  2477 | D:3      | Found a glowing drain.
  2568 | Sewer    | Entered a sewer
  2630 | Sewer    | Noticed a crocodile
  2976 | D:3      | Noticed Natasha
  2984 | D:3      | Killed Natasha
  3654 | D:3      | Reached XP level 6. HP: 43/43 MP: 9/9
  3690 | D:4      | Noticed Edmund
  3707 | D:4      | Killed Edmund
  3986 | D:4      | Found a transporter.
  3992 | D:4      | Noticed Ijyb
  4019 | D:4      | Noticed catzilla's ghost (amateur DsMo)
  4043 | D:4      | Identified the +5 spear of the Secret Stars {distort,
                  | *Noise +Rage Str+3 Int+4 Stlth+}
  4325 | D:3      | Noticed Sigmund
  4579 | D:4      | Reached XP level 7. HP: 46/52 MP: 10/10
  4618 | D:4      | Noticed Menkaure
  4696 | D:5      | Entered Level 5 of the Dungeon
  4903 | D:5      | Got a bronze plate armour
  5952 | D:4      | Identified the +17 plate armour of Syndicalism {rF+++ rC+
                  | Str+7} (You found it on level 5 of the Dungeon)
  5952 | D:4      | wow
  6114 | D:4      | Reached XP level 8. HP: 60/60 MP: 11/11
  6233 | D:5      | Reached skill level 1 in Armour
  7395 | D:6      | Reached skill level 5 in Armour
  7570 | D:6      | Found a white marble altar of Elyvilon.
  7584 | D:6      | Found a burning altar of Makhleb.
  7719 | D:6      | Found Rouskif's Distillery.
  7721 | D:6      | more wow
  7809 | D:5      | Reached XP level 9. HP: 43/65 MP: 12/12
  8918 | D:7      | Reached skill level 5 in Fighting
  8918 | D:7      | Reached skill level 5 in Short Blades
  9405 | D:7      | Found a staircase to the Ecumenical Temple.
  9428 | Temple   | Entered the Ecumenical Temple
  9434 | Temple   | Became a worshipper of Warmaster Okawaru
  9484 | D:7      | Reached XP level 10. HP: 76/76 MP: 13/13
 10025 | D:8      | Reached skill level 1 in Invocations
 10064 | D:8      | Found a sacrificial altar of Ru.
 10175 | D:8      | Noticed Joseph
 10228 | D:8      | Killed Joseph
 10228 | D:8      | Reached * piety under Okawaru
 10324 | D:8      | beem: I am beem. For help, type: !beem
 10566 | D:7      | Reached skill level 5 in Invocations
 10709 | D:7      | Found Obiehau's Distillery.
 10748 | D:7      | Bought a potion of heal wounds for 55 gold pieces
 10748 | D:7      | Bought a potion of heal wounds for 55 gold pieces
 10748 | D:7      | Bought a potion of might for 44 gold pieces
 10748 | D:7      | Bought a potion of flight for 33 gold pieces
 11239 | D:6      | Got a translucent war axe
 11240 | D:6      | Identified the cursed +1 war axe of the Apocalypse {vorpal,
                  | *Noise Str+3 Dex+7} (You found it on level 6 of the
                  | Dungeon)
 11392 | D:6      | Bought a potion of resistance for 100 gold pieces
 11642 | D:3      | Killed Sigmund
 11642 | D:3      | Reached ** piety under Okawaru
 11768 | D:3      | Found a shimmering blue altar of Sif Muna.
 11778 | D:3      | Found a hide-covered altar of Uskayaw.
 11785 | D:3      | Found a radiant altar of Vehumet.
 11921 | D:4      | Killed Ijyb
 12004 | D:4      | Found a transporter.
 12139 | D:4      | Killed Menkaure
 12778 | D:9      | Killed an unseen horror
 12778 | D:9      | Reached *** piety under Okawaru
 12778 | D:9      | Reached XP level 11. HP: 49/86 MP: 14/14
 13089 | D:9      | Noticed a manticore
 13115 | D:9      | Killed a manticore
 13115 | D:9      | Reached skill level 10 in Armour
 13161 | D:9      | Killed an unseen horror
 13976 | D:9      | Reached **** piety under Okawaru
 14115 | D:9      | d9, still no centaurs :(
 14115 | D:9      | i want my bow
 14122 | D:10     | Entered Level 10 of the Dungeon
 14181 | D:10     | Found a roughly hewn altar of Beogh.
 14247 | D:10     | Found a stormy altar of Qazlal.
 14396 | D:10     | Found Gumyradgh's Magic Scroll Shoppe.
 14471 | D:10     | Noticed an eight-headed hydra
 14499 | D:10     | Found a staircase to the Orcish Mines.
 14531 | D:10     | Found Noecymu's Antique Weapon Shoppe.
 14569 | D:10     | Received a gift from Okawaru
 14776 | D:10     | Found Uxkoih's Assorted Antiques.
 14866 | D:10     | Bought a scroll labeled GUTSYR UHEY for 31 gold pieces
 14867 | D:10     | Identified a scroll of acquirement
 14867 | D:10     | Acquired 3280 gold pieces
 14869 | D:10     | leech game?!
 14974 | D:10     | Reached skill level 10 in Fighting
 14975 | D:10     | nah, *rage sucks
 14991 | D:10     | Noticed Nergalle
 15003 | D:10     | Killed Nergalle
 15416 | D:11     | Found a runed translucent door.
 15416 | D:11     | Noticed a two-headed ogre
 15417 | D:11     | Noticed a manticore
 15436 | D:11     | Reached XP level 12. HP: 97/97 MP: 15/15
 15453 | D:11     | Noticed an ettin
 15729 | D:11     | Found a staircase to the Lair.
 16613 | D:12     | Reached ***** piety under Okawaru
 16831 | D:12     | Found Zixzis's Antique Weapon Emporium.
 16834 | D:12     | Noticed a two-headed ogre
 16854 | D:12     | Killed a two-headed ogre
 16879 | D:12     | Bought a runed shortbow for 204 gold pieces
 17065 | D:12     | Killed an unseen horror
 17318 | D:12     | Noticed a two-headed ogre
 17327 | D:12     | Killed a two-headed ogre
 17647 | Lair:1   | Entered Level 1 of the Lair of Beasts
 17667 | Lair:1   | Noticed a five-headed hydra
 17675 | Lair:1   | Killed a five-headed hydra
 17675 | Lair:1   | Reached skill level 5 in Bows
 17675 | Lair:1   | Reached skill level 1 in Evocations
 18401 | Lair:1   | Reached XP level 13. HP: 53/103 MP: 8/17
 19789 | Lair:2   | Reached ****** piety under Okawaru
 19886 | Lair:2   | Received a gift from Okawaru
 19902 | Lair:2   | Reached skill level 5 in Evocations
 19966 | Lair:2   | Found a hole to the Spider Nest.
 20759 | Lair:3   | Noticed a four-headed hydra
 20782 | Lair:3   | Killed a four-headed hydra
 21297 | Lair:3   | Found a staircase to the Shoals.
 22114 | Lair:4   | Noticed a seven-headed hydra
 22130 | Lair:3   | Killed a seven-headed hydra
 22142 | Lair:4   | Received a gift from Okawaru
 22142 | Lair:4   | Reached XP level 14. HP: 100/110 MP: 17/20
 22595 | Lair:4   | Received a gift from Okawaru
 23198 | Lair:4   | Reached skill level 10 in Bows
 23228 | Lair:4   | Received a gift from Okawaru
 23309 | Lair:4   | Found a runed translucent door.
 23782 | Lair:5   | Received a gift from Okawaru
 23836 | Lair:5   | Noticed Rupert
 24749 | Lair:6   | Entered Level 6 of the Lair of Beasts
 24783 | Lair:6   | Received a gift from Okawaru
 24874 | Lair:6   | Received a gift from Okawaru
 24939 | Lair:6   | great gifts
 25267 | Lair:6   | Received a gift from Okawaru
 26029 | Lair:6   | Received a gift from Okawaru
 26335 | D:10     | Received a gift from Okawaru
 26335 | D:10     | Reached XP level 15. HP: 115/115 MP: 21/21
 26718 | D:13     | Found a shadowy altar of Dithmenos.
 27159 | D:13     | Found a gate to the Vaults.
 28081 | D:14     | Received a gift from Okawaru
 28097 | D:14     | Noticed Kirke
 28135 | D:14     | Killed Kirke
 28210 | D:14     | Received a gift from Okawaru
 28401 | D:14     | Reached skill level 15 in Bows
 28886 | D:15     | Entered Level 15 of the Dungeon
 29312 | D:15     | Found a shadowy altar of Dithmenos.
 29545 | D:15     | Received a gift from Okawaru
 29917 | D:15     | Found a staircase to the Depths.
 30177 | D:15     | Received a gift from Okawaru
 30178 | D:15     | Got a bone longbow {god gift}
 30179 | D:15     | Identified the +3 longbow "Boupomi" {god gift, freeze, rC+}
                  | (Okawaru gifted it to you on level 15 of the Dungeon)
 30367 | D:15     | Reached XP level 16. HP: 122/122 MP: 22/22
 31050 | Orc:1    | Entered Level 1 of the Orcish Mines
 31050 | Orc:1    | Noticed Maurice
 31069 | Orc:1    | Killed Maurice
 31445 | Orc:1    | Found a roughly hewn altar of Beogh.
 31500 | Orc:2    | Entered Level 2 of the Orcish Mines
 31500 | Orc:2    | Found a roughly hewn altar of Beogh.
 31795 | Orc:2    | Found a staircase to the Elven Halls.
 31830 | Orc:2    | Found a roughly hewn altar of Beogh.
 31923 | Orc:2    | Found a roughly hewn altar of Beogh.
 32018 | Orc:2    | Found a roughly hewn altar of Beogh.
 32084 | Orc:2    | Noticed Sonja
 32088 | Orc:2    | Noticed Sonja
 32088 | Orc:2    | Sonja changed into Sonja the harpy
 32092 | Orc:2    | Killed Sonja the harpy
 32099 | Orc:2    | Noticed Donald
 32111 | Orc:2    | Killed Donald
 32210 | Orc:2    | Received a gift from Okawaru
 32737 | Orc:2    | Noticed Josephine
 32743 | Orc:2    | Killed Josephine
 32772 | Orc:2    | Found a roughly hewn altar of Beogh.
 32876 | Orc:2    | Found a roughly hewn altar of Beogh.
 32896 | Orc:2    | Found Saejich's Antique Weapon Boutique.
 32987 | Orc:2    | Found a roughly hewn altar of Beogh.
 33011 | Orc:2    | Found a roughly hewn altar of Beogh.
 33058 | Orc:2    | Found Istrit's Weapon Boutique.
 33260 | Orc:1    | Noticed Urug
 33264 | Orc:1    | Received a gift from Okawaru
 33271 | Orc:1    | Killed Urug
 33445 | Orc:2    | Noticed Saint Roka
 33471 | Orc:2    | Killed Saint Roka
 33695 | Orc:2    | Found Wuwuefa's Antique Weapon Shoppe.
 33697 | Orc:2    | Found a roughly hewn altar of Beogh.
 33701 | Orc:2    | Found Efudenono's Antique Armour Emporium.
 33730 | Orc:2    | Bought a pair of runed gloves for 195 gold pieces
 33955 | D:6      | Bought a potion of curing for 30 gold pieces
 33955 | D:6      | Bought a potion of curing for 30 gold pieces
 33955 | D:6      | Bought a potion of haste for 100 gold pieces
 33955 | D:6      | Bought a potion of resistance for 100 gold pieces
 33955 | D:6      | Bought a potion of heal wounds for 50 gold pieces
 33955 | D:6      | Bought a potion of curing for 30 gold pieces
 33955 | D:6      | Bought a potion of cancellation for 80 gold pieces
 34004 | D:7      | Bought a potion of curing for 33 gold pieces
 34004 | D:7      | Bought 2 potions of invisibility for 176 gold pieces
 34286 | Lair:4   | Received a gift from Okawaru
 34433 | Shoals:1 | Entered Level 1 of the Shoals
 34433 | Shoals:1 | Noticed Frances
 34452 | Shoals:1 | Killed Frances
 34563 | Shoals:1 | Received a gift from Okawaru
 34862 | Shoals:1 | Received a gift from Okawaru
 34920 | Shoals:1 | Reached XP level 17. HP: 100/128 MP: 19/23
 35072 | Shoals:1 | Noticed a kraken
 35095 | Shoals:1 | Killed a kraken
 35256 | Shoals:1 | Noticed a kraken
 35273 | Shoals:1 | Killed a kraken
 35549 | Shoals:2 | Received a gift from Okawaru
 35772 | Shoals:2 | Found a hide-covered altar of Uskayaw.
 36655 | Shoals:3 | Found Xaelethry's Mayhem Merchandise.
 36674 | Shoals:3 | Bought a wand of iceblast (14) for 306 gold pieces
 36674 | Shoals:3 | Bought a wand of iceblast (10) for 238 gold pieces
 36674 | Shoals:3 | Bought a wand of iceblast (3) for 119 gold pieces
 36693 | Shoals:3 | Got a bronze leather armour
 36696 | Shoals:3 | Found a runed translucent door.
 36698 | Shoals:3 | Found a shimmering altar of Xom.
 36698 | Shoals:3 | Noticed Imazafih's ghost (adept GrEE)
 36698 | Shoals:3 | Identified the +9 quick blade "Raprai" {chaos, Fragile rN+
                  | Str+4}
 36802 | Shoals:3 | Received a gift from Okawaru
 37261 | Shoals:4 | Entered Level 4 of the Shoals
 37282 | Shoals:4 | Received a gift from Okawaru
 37323 | Shoals:4 | Noticed Polyphemus
 37359 | Shoals:4 | Killed Polyphemus
 37613 | Shoals:4 | Noticed Roxanne
 37636 | Shoals:4 | Killed Roxanne
 37642 | Shoals:4 | Found Nogh's Weapon Shop.
 37729 | Shoals:4 | Got an emerald-encrusted chain mail {god gift}
 38009 | Shoals:4 | Reached XP level 18. HP: 134/134 MP: 24/24
 38707 | Shoals:4 | Found Qofi's Magic Scroll Shop.
 38715 | Shoals:4 | Bought a scroll of fear for 42 gold pieces
 38715 | Shoals:4 | Bought a scroll of teleportation for 36 gold pieces
 38715 | Shoals:4 | Bought a scroll of teleportation for 36 gold pieces
 38715 | Shoals:4 | Bought a scroll of magic mapping for 42 gold pieces
 38715 | Shoals:4 | Bought a scroll of teleportation for 36 gold pieces
 38717 | Shoals:4 | Found Bamets's Jewellery Boutique.
 38730 | Shoals:4 | Bought the ring "Dalucw" {Wiz SInv} for 741 gold pieces
 38730 | Shoals:4 | Bought an uncursed ring of resist corrosion for 360 gold
                  | pieces
 38761 | Shoals:4 | Found Lunij's Antique Weapon Emporium.
 38796 | Shoals:4 | Found Deaseck's Weapon Shop.
 38984 | Shoals:4 | Noticed a kraken
 39011 | Shoals:4 | Killed a kraken
 39074 | Shoals:4 | Received a gift from Okawaru
 39305 | Shoals:4 | Got a barnacled rune of Zot
 39457 | Spider:1 | Entered Level 1 of the Spider Nest
 39471 | Lair:2   | Identified the +0 chain mail "Cioziab" {god gift, Stlth+}
                  | (Okawaru gifted it to you on level 4 of the Shoals)
 39499 | Spider:1 | Received a gift from Okawaru
 39872 | Spider:1 | Received a gift from Okawaru
 40158 | Spider:1 | Acquired an uncursed ring of poison resistance
 40781 | Spider:1 | Received a gift from Okawaru
 41349 | Spider:2 | Received a gift from Okawaru
 41441 | Spider:2 | Received a gift from Okawaru
 41933 | Spider:2 | Received a gift from Okawaru
 41951 | Spider:2 | Reached XP level 19. HP: 118/143 MP: 20/25
 42650 | Spider:2 | Received a gift from Okawaru
 43000 | Spider:3 | Received a gift from Okawaru
 43220 | Spider:4 | Entered Level 4 of the Spider Nest
 43507 | Spider:4 | Noticed Asterion
 43517 | Spider:4 | Killed Asterion
 44287 | Spider:4 | Reached skill level 15 in Armour
 44413 | Spider:4 | Received a gift from Okawaru
 44587 | Spider:4 | Got a gossamer rune of Zot
 45028 | D:11     | Reached XP level 20. HP: 147/158 MP: 23/26
 45064 | D:11     | Identified Sif Muna's Incunabulum of Cankerous Dark Magic
 45484 | Lair:6   | Received a gift from Okawaru
 46221 | Vaults:1 | Entered Level 1 of the Vaults
 46393 | Vaults:1 | Found Zighin's Weapon Boutique.
 46676 | Vaults:1 | Reached skill level 15 in Fighting
 46736 | Vaults:1 | Reached skill level 5 in Dodging
 47628 | Vaults:1 | Received a gift from Okawaru
 48099 | Vaults:2 | Received a gift from Okawaru
 48476 | Vaults:2 | Reached skill level 10 in Dodging
 48690 | Vaults:2 | Reached XP level 21. HP: 168/168 MP: 27/27
 49903 | Vaults:3 | Received a gift from Okawaru
 50192 | Vaults:3 | Found Zagoom's Armour Boutique.
 50233 | Vaults:3 | Found a staircase to the Crypt.
 50864 | Vaults:3 | Received a gift from Okawaru
 51520 | Vaults:4 | Reached skill level 15 in Dodging
 51542 | Vaults:4 | Reached XP level 22. HP: 152/175 MP: 23/28
 51547 | Vaults:4 | Received a gift from Okawaru
 51706 | Vaults:4 | Received a gift from Okawaru
 51718 | Vaults:4 | Received a gift from Okawaru
 51832 | Vaults:4 | Received a gift from Okawaru
 52198 | Vaults:4 | Received a gift from Okawaru
 53498 | Elf:1    | Entered Level 1 of the Elven Halls
 53705 | Elf:1    | Found a frozen archway.
 53737 | IceCv    | Entered an ice cave
 54489 | IceCv    | Identified the Compendium of Ice and Black Secrets
 54899 | Elf:1    | Got a jasper-studded ring mail
 54963 | Elf:1    | Reached skill level 10 in Invocations
 55046 | Elf:1    | Noticed Louise
 55060 | Elf:1    | Killed Louise
 55307 | Elf:1    | Reached skill level 10 in Evocations
 55350 | Elf:1    | Received a gift from Okawaru
 55350 | Elf:1    | Reached XP level 23. HP: 137/184 MP: 17/30
 55494 | Elf:1    | Found a runed translucent gate.
 55494 | Elf:1    | Found a runed translucent gate.
 55494 | Elf:1    | Found a runed translucent gate.
 55494 | Elf:1    | Found a runed translucent gate.
 55494 | Elf:1    | Found a runed translucent gate.
 55496 | Elf:1    | Found a runed translucent gate.
 55699 | Elf:1    | Received a gift from Okawaru
 56407 | Elf:2    | Identified Visox's Volume of Scorching Translocation
 56580 | Elf:2    | Found a runed translucent gate.
 56580 | Elf:2    | Found a runed translucent gate.
 56580 | Elf:2    | Found a runed translucent gate.
 56679 | Elf:2    | Found Mumon's Magic Scroll Shop.
 56693 | Elf:2    | Bought a scroll of enchant weapon for 112 gold pieces
 56693 | Elf:2    | Bought a scroll of fear for 52 gold pieces
 56693 | Elf:2    | Bought a scroll of teleportation for 45 gold pieces
 56693 | Elf:2    | Bought a scroll of teleportation for 45 gold pieces
 57385 | Elf:3    | Entered Level 3 of the Elven Halls
 57547 | Elf:3    | Found Kuazxah's Jewellery Boutique.
 57620 | Elf:3    | Found a runed translucent door.
 57620 | Elf:3    | Noticed Lars's ghost (veteran GrBe)
 57752 | Elf:3    | Killed Lars's ghost
 58533 | Elf:3    | Received a gift from Okawaru
 58605 | Elf:3    | Reached XP level 24. HP: 172/196 MP: 30/30
 58880 | Elf:3    | Identified the Volume of the Entourage
 59082 | Elf:3    | Found the +8 orange crystal plate armour {Archmagi, Int+3
                  | Clar}
 59492 | Depths:1 | Entered Level 1 of the Depths
 59492 | Depths:1 | Noticed Nikola
 59503 | Depths:1 | Killed Nikola
 59524 | Depths:1 | Found Tucsosm's Assorted Antiques.
 59526 | Depths:1 | Found Ypteram's Armour Shoppe.
 59526 | Depths:1 | Found Zoadomues's Antique Weapon Emporium.
 59604 | Depths:1 | Found Zentuja's Antique Weapon Emporium.
 59739 | Depths:1 | Received a gift from Okawaru
 60171 | Depths:1 | Received a gift from Okawaru
 60258 | Depths:1 | Found a gateway to a ziggurat.
 60303 | Depths:1 | Found a gateway to Hell.
 60582 | Depths:1 | Found a one-way gate to the infinite horrors of the Abyss.
 60814 | Depths:2 | Received a gift from Okawaru
 61224 | Depths:2 | Received a gift from Okawaru
 61596 | Depths:2 | Reached XP level 25. HP: 207/207 MP: 30/30
 63250 | Depths:3 | Noticed a caustic shrike
 63258 | Depths:3 | Killed a caustic shrike
 63258 | Depths:3 | Received a gift from Okawaru
 63538 | Depths:3 | Found a one-way gate leading to the halls of Pandemonium.
 64175 | Depths:4 | Reached XP level 26. HP: 218/218 MP: 30/30
 64797 | Depths:4 | Found a shimmering blue altar of Sif Muna.
 64904 | Depths:4 | Identified Hoywkim's Grimoire of Flying Earth
 65056 | Depths:4 | Received a gift from Okawaru
 65509 | Depths:5 | Entered Level 5 of the Depths
 65509 | Depths:5 | Noticed the Enchantress
 65516 | Depths:4 | Killed the Enchantress
 65585 | Depths:5 | Noticed Boris
 65585 | Depths:5 | Noticed Sojobo
 65739 | Depths:5 | Noticed Margery
 65760 | Depths:5 | Killed Margery
 65906 | Depths:4 | Killed Sojobo
 66621 | Depths:5 | Received a gift from Okawaru
 66652 | Depths:5 | Killed Boris
 66687 | Depths:5 | Identified the +10 quarterstaff of the Skies Above {drain,
                  | *Drain rElec rF+ Dex+4}
 67052 | Depths:5 | Received a gift from Okawaru
 67066 | Depths:5 | Reached XP level 27. HP: 219/224 MP: 30/30
 67084 | Depths:5 | Found a gate to the Realm of Zot.
 67127 | Depths:5 | Received a gift from Okawaru
 67575 | Lair:5   | Killed Rupert
 68036 | Vaults:5 | Entered Level 5 of the Vaults
 68044 | Vaults:5 | Received a gift from Okawaru
 68091 | Vaults:5 | Received a gift from Okawaru
 68125 | Vaults:5 | Received a gift from Okawaru
 68484 | Vaults:5 | Received a gift from Okawaru
 69513 | Vaults:5 | Received a gift from Okawaru
 69522 | Vaults:5 | Identified the +0 longbow "Ireteh" {god gift, freeze, rPois
                  | Str+5 Int-3 SInv} (Okawaru gifted it to you on level 5 of
                  | the Vaults)
 69763 | Vaults:5 | Identified the ring "Leuqiluz" {Fire rPois Str+5}
 69918 | Vaults:5 | Identified the +5 chain mail of Inviolability {rN+}
 69918 | Vaults:5 | Identified the ring of Icebburie {rPois rF+ Stlth+}
 69988 | Vaults:5 | Identified the ring "Ustige Apyn" {rN+ Int+3}
 70036 | Vaults:5 | Got a silver rune of Zot
 70431 | Vaults:5 | Received a gift from Okawaru
 71201 | Zot:1    | Entered Level 1 of the Realm of Zot
 71372 | Zot:2    | Noticed a Killer Klown
 71379 | Zot:2    | Killed a Killer Klown
 71629 | Zot:4    | Received a gift from Okawaru
 71655 | Zot:4    | Noticed a Killer Klown
 71672 | Zot:4    | Killed a Killer Klown
 71795 | Zot:5    | Entered Level 5 of the Realm of Zot
 72684 | Zot:5    | Noticed an orb of fire
 72687 | Zot:5    | Noticed an orb of fire
 72692 | Zot:5    | Noticed an ancient lich
 72695 | Zot:5    | Killed an orb of fire
 72695 | Zot:5    | Received a gift from Okawaru
 72697 | Zot:5    | Killed an orb of fire
 72699 | Zot:5    | Noticed an orb of fire
 72702 | Zot:5    | Killed an ancient lich
 72702 | Zot:5    | Noticed a Killer Klown
 72705 | Zot:5    | Noticed a Killer Klown
 72709 | Zot:5    | Killed an orb of fire
 72718 | Zot:5    | Noticed an orb of fire
 72719 | Zot:5    | Killed a Killer Klown
 72724 | Zot:5    | Noticed a Killer Klown
 72726 | Zot:5    | Noticed a Killer Klown
 72729 | Zot:5    | Noticed a Killer Klown
 72732 | Zot:5    | Killed an orb of fire
 72736 | Zot:5    | Noticed a Killer Klown
 72741 | Zot:5    | Killed a Killer Klown
 72758 | Zot:5    | Killed a Killer Klown
 72766 | Zot:5    | Killed a Killer Klown
 72771 | Zot:5    | Killed a Killer Klown
 72780 | Zot:5    | Killed a Killer Klown
 73030 | Zot:5    | Noticed a Killer Klown
 73039 | Zot:5    | Killed a Killer Klown
 73150 | Zot:5    | Got a transparent scale mail {god gift}
 73304 | Zot:5    | Reached skill level 15 in Invocations
 73313 | Zot:5    | Identified the +0 cloak of the Trout {rC- Regen+ Stlth+}
                  | (You found it on level 5 of the Realm of Zot)
 73314 | Zot:5    | Identified the +6 scale mail of the Turtle {god gift, rC-
                  | rN+ Str+6 Stlth-} (Okawaru gifted it to you on level 5 of
                  | the Realm of Zot)
 73354 | Zot:5    | Received a gift from Okawaru
 73960 | Zot:5    | Got the Orb of Zot
 74062 | Zot:2    | Reached skill level 15 in Evocations
 74246 | Depths:3 | Noticed Usmot the pandemonium lord
 74252 | Depths:3 | Noticed Lysifax the pandemonium lord
 74268 | Depths:4 | Killed Lysifax the pandemonium lord
 74276 | Depths:3 | Killed Usmot the pandemonium lord
 74408 | D:11     | Noticed Yroimeoh the pandemonium lord
 74444 | D:11     | Killed Yroimeoh the pandemonium lord
 74444 | D:11     | Received a gift from Okawaru
 74630 | D:3      | Noticed Natasha
 74631 | D:3      | Killed Natasha
 74696 | D:$      | Escaped with the Orb!
